Map: [ESL] Waterfall

Players

Has - Winner!

  • Race: Protoss Protoss
  • Spawn Location: 7:00

ButAlways

  • Race: Protoss Protoss
  • Spawn Location: 1:00

Event: DreamHack SC2 Masters 2022 Atlanta (Online)

VOD

Have the link to the VOD?

Description

Time

  • Played on: Sept. 30, 2022, 9:27 a.m.
  • Length: 5:19

All games in this series

Show
View Real Time Build Order
Export as new Build Order

Has Protoss - Winner!

Build Orders: 1 Gate Expand, Proxy Void Ray 

Get SALT Encoding   

  12  0:00  Probe  
  13  0:12  Probe  
  14  0:17  Pylon  
  14  0:24  Probe (Chrono Boost)  
  15  0:36  Probe (Chrono Boost)  
  15  0:37  Gateway  
  16  0:44  Probe (Chrono Boost)  
  17  0:50  Probe  
  17  0:53  Assimilator  
  18  0:58  Assimilator  
  18  1:03  Probe  
  19  1:26  Nexus  
  19  1:35  Cybernetics Core  
  19  1:38  Probe  
  20  1:50  Probe, Pylon  
  21  2:02  Probe  
  22  2:11  Stargate  
  22  2:13  Stalker (Chrono Boost)  
  22  2:20  Probe  
  25  2:32  Shield Battery  
  26  2:38  Stalker  
  26  2:41  Probe  
  32  3:01  Void Ray (Chrono Boost)  
  32  3:02  Probe  
  32  3:04  Probe  
  34  3:14  Robotics Facility  
  33  3:23  Shield Battery  
  33  3:28  Probe  
  38  3:41  Void Ray (Chrono Boost)  
  38  3:46  Shield Battery  
  38  3:48  Pylon  
  38  4:05  Immortal (Chrono Boost)  
  42  4:19  Forge  
  42  4:22  Shield Battery  
  42  4:27  Shield Battery  
  42  4:28  Pylon  
  46  4:54  Photon Cannon  
  44  5:02  Probe x2  
  46  5:08  Photon Cannon  
Show
View Real Time Build Order
Export as new Build Order

ButAlways Protoss 

Build Orders:  

Get SALT Encoding   

  12  0:00  Probe  
  13  0:12  Probe  
  14  0:17  Pylon  
  14  0:24  Probe (Chrono Boost)  
  15  0:36  Probe (Chrono Boost)  
  15  0:37  Gateway  
  16  0:44  Probe (Chrono Boost)  
  16  0:46  Assimilator  
  17  0:51  Probe  
  17  0:54  Assimilator  
  18  1:03  Probe (Chrono Boost)  
  20  1:12  Gateway, Probe (Chrono Boost)  
  20  1:17  Probe (Chrono Boost)  
  20  1:25  Cybernetics Core  
  21  1:29  Probe  
  22  1:35  Pylon  
  22  1:41  Probe  
  23  2:01  Robotics Facility  
  23  2:02  Stalker  
  23  2:03  Warp Gate (Chrono Boost)  
  23  2:04  Stalker  
  27  2:28  Pylon  
  27  2:30  Gateway  
  27  2:32  Stalker  
  29  2:40  Stalker  
  31  2:48  Observer  
  32  2:53  Gateway  
  32  3:01  Pylon  
  32  3:07  Stalker  
  34  3:27  Shield Battery  
  34  3:38  Stalker x2  
  38  3:47  Stalker  
  40  3:51  Stalker  
  42  4:04  Pylon  
  42  4:05  Stalker  
  44  4:12  Stalker  
  46  4:19  Pylon  
  46  4:26  Stalker  
  48  4:34  Stalker  
  48  4:42  Stalker  
  50  4:47  Sentry  
  50  4:51  Stalker  
  48  5:04  Stalker  
  48  5:06  Stalker  
Tags
 
Add a new tag
Caveats
  • Supply blocks, unpowered buildings, or Contaminate may cause inaccurate times.
  • Supply counts are checked every 10 seconds.